cohdb
Replays
Latest Replays
All Replays
Popular Replays
Top Player Replays
Match Explorer
How It Works
Community
CoH3 Stats
Reddit
Sign in to upload your games and track your stats! →
Sign in with Steam
Match 45477845
Unlisted
Match 45477845
Overview
Messages
Build Orders
End
Construct Infanterie Kompanie
Selects Italian Coastal Battlegroup
Selects Coastal Reserves
Kettenkrad Recon Vehicle
MG 42 Machine Gun Team
Coastal Reserve
GrW 34 Mortar Team
Coastal Reserve
Construct Luftwaffe Kompanie
Flak 30 Anti-aircraft Gun Team
Selects Support Bunkers
Medical Bunker
Coastal Reserve
Selects Designated Artillery Overwatch
MG 42 Bunker
MG 42 Bunker
MG 42 Bunker
Selects Bulwark
Designated Artillery Overwatch
Support Elements
Anti-tank Bunker
Selects Artillery Officer
Construct Panzergrenadier Kompanie
Nebelwerfer 42 Rocket Launcher Team
Synthoras
【HAN】biabiabiabiabiabiabiabi
USS_FreeIsrael
WARlordS
Manganu
皮蛋瘦肉粥
DirtyDan
ARC_RAID
0
0
Comments
sign in to comment!
No comments posted yet!